 Dungeon Crawl Stone Soup version 0.26-a0-757-g626ac9e51a (webtiles) character file.

Game seed: 17079841086296421334

128 strifetoe the Chopper (level 5, -5/32 HPs)
             Began as a Gargoyle Fighter on Nov 7, 2020.
             Splashed by a jelly's acid (8 damage)
             ... on level 2 of the Dungeon.
             The game lasted 00:01:36 (1356 turns).

strifetoe the Chopper (Gargoyle Fighter)            Turns: 1356, Time: 00:01:37

Health: -5/32      AC:  6    Str: 21    XL:     5   Next: 11%
Magic:  5/5        EV:  7    Int:  8    God:
Gold:   41         SH:  9    Dex:  9    Spells: 4/4 levels left

rFire    . . .     SeeInvis .   a - +0 war axe
rCold    . . .     Faith    .   c - +0 kite shield
rNeg     + . .     Spirit   .   b - +0 scale mail
rPois    ∞         Reflect  .   (no helmet)
rElec    +         Harm     .   (no cloak)
rCorr    .         Rampage  .   (no gloves)
MR       .....                  (no boots)
Stlth    ..........             (no amulet)
HPRegen  0.10/turn              (no ring)
MPRegen  0.09/turn              (no ring)

@: corroded
A: negative energy resistance 1, electricity resistance, unbreathing,
petrification resistance, rot immunity, AC +4
a: no special abilities


You were on level 2 of the Dungeon.
You visited 1 branch of the dungeon, and saw 2 of its levels.

You collected 41 gold pieces.

Inventory:

Hand Weapons
 a - a +0 war axe (weapon)
Armour
 b - a +0 scale mail (worn)
 c - a +0 kite shield (worn)
Jewellery
 h - a cursed -4 ring of dexterity {unknown}
Scrolls
 e - a scroll of enchant armour {unknown}
 g - 4 scrolls of identify {unknown}
 i - a scroll of remove curse {unknown}
 j - a scroll of fog {unknown}
Potions
 d - a potion of might
 f - 2 potions of curing {unknown}
 k - a potion of flight {unknown}


   Skills:
 - Level 3.2 Fighting
 + Level 4.7 Axes
 - Level 3.2 Armour
 - Level 3.2 Shields


You had 4 spell levels left.
You didn't know any spells.
Your spell library was empty.

Dungeon Overview and Level Annotations

Branches:
Dungeon (2/15)

Altars:


Innate Abilities, Weirdness & Mutations

You are resistant to torment.
Your stone body is resilient. (AC +4)
You are immune to poison.
You resist negative energy. (rN+)
You are resistant to electric shocks. (rElec)
You can survive without breathing.
You are immune to petrification.
You are immune to rotting.


Message History

a +0 short sword; a kobold corpse You slash the jelly!
The acid corrodes you!
Your hands burn!
The jelly is almost dead.
You block the jelly's attack.
You hit the jelly but do no damage.
Your hands burn!
The jelly is almost dead.
The jelly hits you.
You are splashed with acid!
* * * LOW HITPOINT WARNING * * *
The jelly hits you but does no damage.
You barely miss the jelly.
The jelly is almost dead.
The jelly closely misses you.
Unknown command.
You hit the jelly.
Your hands burn!
* * * LOW HITPOINT WARNING * * *
The jelly is almost dead.
The jelly hits you but does no damage. The jelly hits you.
* * * LOW HITPOINT WARNING * * *
You are splashed with acid!
You die...

..........# # ..#####.###
# .......>#####
#............ ###
#######.#####
#[..÷.J##.####### #..####
#.P÷PPP#.#.#..).####....#
#......#.#.#....)##(....#
#P÷PPP.#@#'#....)((.....#
#÷.J.JJ#J#......))'.....#
#PP.PJJ#.#........'.....#
#..÷JJ÷#.#..^....##.....#
#.÷PPP÷'##......###.....+
#......########## #.#...#
####### ..#...# .#####


You could see a jelly.

Vanquished Creatures
  2 jellies (D:2)
  7 oozes
  A dart slug (D:1)
  2 giant cockroaches
  A goblin (D:1)
  3 hobgoblins (D:1)
  10 kobolds
  6 bats (D:1)
  5 frilled lizards
  5 rats (D:1)
42 creatures vanquished.

Vanquished Creatures (others)
  8 fungi (D:2)
  5 toadstools (D:2)
13 creatures vanquished.

Grand Total: 55 creatures vanquished

Notes
Turn   | Place    | Note
-------+----------+-------------------------------------------
     0 | D:1      | strifetoe the Gargoyle Fighter began the quest for the Orb.
     0 | D:1      | Reached XP level 1. HP: 14/14 MP: 1/1
    61 | D:1      | Reached skill level 2 in Axes
   108 | D:1      | Reached XP level 2. HP: 19/19 MP: 2/2
   300 | D:1      | Reached skill level 3 in Axes
   438 | D:1      | Reached XP level 3. HP: 22/23 MP: 3/3
  1315 | D:2      | Reached XP level 4. HP: 22/28 MP: 4/4
  1332 | D:2      | Reached skill level 4 in Axes
  1333 | D:2      | Reached XP level 5. HP: 18/32 MP: 5/5
  1356 | D:2      | Splashed by a jelly's acid

Illustrated notes

Levels and vault maps discovered:
D:1:      tarquinn_simple_flora_water_c, layout_basic
D:2:      cheibrodos_fertilizer, layout_basic, elyvilon_altar_3,
          lemuel_doored_altar, nicolae_ashenzari_panopticon, grunt_ministairs_1

Skill      XL: |  1  2  3  4 |
---------------+-------------+-----
Axes           | 2 3 4 |  4.7
Fighting       | |  3.2
Armour         | |  3.2
Shields        | |  3.2

Action                   |  1- 3 |  4- 6 || total
-------------------------+-------+-------++-------
Melee: War axe           |   129 |    15 ||   144
Armor: Scale mail        |    87 |     7 ||    94
Dodge: Dodged            |    38 |     2 ||    40
Block: Kite shield       |    82 |     8 ||    90

Table legend: (Time is in decaauts)
 A = Elapsed time spent in this place.
 B = Non-inter-level travel time spent in this place.
 C = Inter-level travel time spent in this place.
 D = Time resting spent in this place.
 E = Time spent auto-exploring this place.
 F = Levels seen in this place.
 G = Mean time per level.
                   A        B        C        D        E       F      G
               +--------+--------+--------+--------+--------+-----+--------+
         Total |   1417 |   1391 |     26 |     16 |   1048 |   2 |  708.5 |
       Dungeon |   1417 |   1391 |     26 |     16 |   1048 |   2 |  708.5 |
               +--------+--------+--------+--------+--------+-----+--------+

Top non-repeatable levels by time:
     D:1: 1171 daAuts
     D:2: 245 daAuts
